 Dungeon Crawl Stone Soup version 0.30-a0-373-gd37427bb62 (webtiles) character file.

Game seed: 13762597669532801582

324 NinjaNoafa the Cleaver (level 6, -3/51 HPs)
             Began as a Minotaur Fighter on Nov 23, 2022.
             Slain by an ogre
             ... wielding a +0 giant spiked club
              (20 damage)
             ... on level 4 of the Dungeon.
             The game lasted 00:03:56 (2693 turns).

NinjaNoafa the Cleaver (Minotaur Fighter)           Turns: 2693, Time: 00:03:57

Health: -3/51      AC:  9    Str: 23    XL:     6   Next: 23%
Magic:  5/5        EV:  7    Int:  5    God:
Gold:   260        SH:  4    Dex:  9    Spells: 5/5 levels left

rFire   . . .      SeeInvis .    a - +0 war axe
rCold   . . .      Faith    .    c - +0 buckler
rNeg    . . .      Spirit   .    p - +0 chain mail
rPois   .          Reflect  .    (helmet restricted)
rElec   .          Harm     .    (no cloak)
rCorr   .          Rampage  .    (no gloves)
Will    .....                    (no boots)
Stlth   ..........               (no amulet)
HPRegen 0.28/turn                (no ring)
MPRegen 0.09/turn                (no ring)

@: no status effects
A: horns 2, retaliatory headbutt
a: no special abilities


You were on level 4 of the Dungeon.
You visited 1 branch of the dungeon, and saw 4 of its levels.

You collected 260 gold pieces.

Inventory:

Hand Weapons
 a - a +0 war axe (weapon)
Missiles
 g - 30 stones
 r - 5 boomerangs (quivered)
Armour
 c - a +0 buckler (worn)
 p - a +0 chain mail (worn)
Scrolls
 f - 2 scrolls of identify {unknown}
 i - 2 scrolls of butterflies {unknown}
 q - a scroll of enchant armour {unknown}
 s - a scroll of poison {unknown}
 t - a scroll of magic mapping {unknown}
 u - a scroll of noise {unknown}
Potions
 b - a potion of degeneration {unknown}
 d - 3 potions of might
 e - a potion of ambrosia {unknown}
 h - 4 potions of curing
 j - 2 potions of mutation {unknown}
 k - 2 potions of brilliance {unknown}
 l - a potion of attraction {unknown}
 m - 3 potions of flight {unknown}
 n - a potion of heal wounds {unknown}
 o - 2 potions of magic {unknown}
 v - a potion of cancellation {unknown}


   Skills:
 - Level 3.6 Fighting
 + Level 8.0 Axes
 - Level 3.6 Armour
 - Level 3.6 Shields


You had 5 spell levels left.
You didn't know any spells.
Your spell library contained the following spells:

 Spells                   Type           Power      Damage    Failure   Level
 Sting                    Tmut/Pois      0%         1d3       99%         1
 Poisonous Vapours        Pois/Air       0%         N/A       100%        2
 Olgreb's Toxic Radiance  Pois           0%         N/A       100%        4


Dungeon Overview and Level Annotations

Branches:
Dungeon (4/15)
 Temple: D:4-7

Altars:
Ru
Xom
Yredelemnul
Zin


Innate Abilities, Weirdness & Mutations

You have a pair of horns on your head.
You reflexively headbutt those who attack you in melee.


Message History

The iguana bites you but does no damage.
You barely miss the iguana. You headbutt the iguana.
You kill the iguana!
The gnoll hits you but does no damage.
Your Axes skill increases to level 8!
Okay, then.
It was a potion of curing.
You feel better.
The gnoll throws a stone.
The stone hits you but does no damage.
The gnoll throws a stone.
The stone hits you but does no damage.
The gnoll throws a stone.
The stone hits you.
* * * LOW HITPOINT WARNING * * *
Throw: 5 boomerangs
Press: ? - help, Q - select action, (/) - cycle Shift-Dir - straight line, f - gnoll
Aim: a gnoll, wielding a +0 spear, wearing a +0 chain mail and quivering stones (67% to hit)
You throw a boomerang.
The boomerang hits the gnoll but does no damage.
The gnoll throws a stone.
The stone hits you but does no damage.
Throw: 5 boomerangs
Press: ? - help, Q - select action, (/) - cycle Shift-Dir - straight line, f/p - gnoll
Aim: a gnoll, wielding a +0 spear, wearing a +0 chain mail and quivering stones (67% to hit)
You throw a boomerang. The boomerang hits the gnoll.
The gnoll is lightly wounded.
Throw: 5 boomerangs
Press: ? - help, Q - select action, (/) - cycle Shift-Dir - straight line, f/p - gnoll
Aim: a gnoll, wielding a +0 spear, wearing a +0 chain mail and quivering stones (lightly wounded, 67% to hit)
You throw a boomerang.
The boomerang hits the gnoll but does no damage.
The gnoll is lightly wounded.
The gnoll hits you but does no damage.
The gnoll throws a stone.
You block the stone.
You see here an adder corpse.
Throw: 5 boomerangs
Press: ? - help, Q - select action, (/) - cycle Shift-Dir - straight line, f/p - gnoll
Aim: a gnoll, wielding a +0 spear, wearing a +0 chain mail and quivering stones (lightly wounded, 67% to hit)
You throw a boomerang.
The boomerang hits the ogre but does no damage.
The ogre is almost dead.
The ogre attacks as you move away!
The ogre hits you with a +0 giant spiked club!!
You die...

.....##......# #.#
.....##......# #.#
.....##...)†.# #.#
.....######.## #.#
.....'......####.#######
.....##................#
#######.######....†###.#
#.# #.....###.# #.#
#..@.P.##.# #.#
#.O.P..##.#
#.######†.....##.#
#......g.....###)#
#............# #)#
#............# #.#
#.########+### #.# #.#
#.########## #g#
#...........


You could see an ogre and a gnoll.

Vanquished Creatures
  A black bear (D:4)
  A howler monkey (D:3)
  An orc priest (D:3)
  2 iguanas (D:4)
  2 gnolls (D:4)
  An adder (D:4)
  A worm (D:2)
  8 orcs
  9 ball pythons
  3 bats
  4 endoplasms
  2 giant cockroaches
  10 hobgoblins
  2 jackals (D:1)
  3 kobolds
  4 quokkas
  2 frilled lizards
  5 goblins
  9 rats
70 creatures vanquished.

Vanquished Creatures (others)
  10 fungi (D:4)
  4 toadstools (D:4)
14 creatures vanquished.

Grand Total: 84 creatures vanquished

Notes
Turn   | Place    | Note
-------+----------+-------------------------------------------
     0 | D:1      | NinjaNoafa the Minotaur Fighter began the quest for the
                  | Orb.
     0 | D:1      | Reached XP level 1. HP: 19/19 MP: 0/0
   162 | D:1      | Reached skill level 3 in Axes
   305 | D:1      | Reached XP level 2. HP: 26/26 MP: 1/1
   725 | D:2      | Reached skill level 4 in Axes
   793 | D:2      | Reached XP level 3. HP: 21/31 MP: 2/2
   794 | D:2      | Identified the +2 dagger of Tihinienuy {elec, rPois MP+9
                  | Str-2 Dex+2}
  1480 | D:3      | Found a shimmering altar of Xom.
  1482 | D:3      | Found a sacrificial altar of Ru.
  1482 | D:3      | Found a basalt altar of Yredelemnul.
  1497 | D:3      | Reached skill level 5 in Axes
  1497 | D:3      | Reached XP level 4. HP: 33/39 MP: 3/3
  1563 | D:3      | Found a glowing silver altar of Zin.
  1628 | D:3      | Identified the +4 leather armour of Duty {rC- Str+5 SInv}
  1893 | D:3      | Reached skill level 6 in Axes
  2141 | D:3      | Reached XP level 5. HP: 45/45 MP: 4/4
  2585 | D:4      | Reached skill level 7 in Axes
  2600 | D:4      | Noticed a black bear
  2606 | D:4      | Killed a black bear
  2607 | D:4      | Reached XP level 6. HP: 51/51 MP: 5/5
  2677 | D:4      | Reached skill level 8 in Axes
  2693 | D:4      | Slain by an ogre

Illustrated notes

Levels and vault maps discovered:
D:1:      lightli_arrival_isolated_outpost, layout_loops_ring,
          kennysheep_another_room
D:2:      layout_basic
D:3:      layout_loops_ring, chequers_temple_overflow_statue_of_worship,
          zin_treasury, corexii_leaking_fountain
D:4:      layout_basic, mainiacjoe_overflow_brackets, minmay_gold_behind_fungi

Skill      XL: |  1  2  3  4  5  6 |
---------------+-------------------+-----
Axes           | 3 4 5 6 7 8 |  8.0
Fighting       | |  3.6
Armour         | |  3.6
Shields        | |  3.6

Action                   |  1- 3 |  4- 6 || total
-------------------------+-------+-------++-------
Melee: War axe           |    70 |    58 ||   128
       Headbutt          |     5 |    10 ||    15
Throw: Boomerang         |       |     6 ||     6
  Use: Potion            |       |     1 ||     1
 Stab: Distracted        |     1 |       ||     1
Armor: Scale mail        |    34 |     1 ||    35
       Chain mail        |       |    40 ||    40
Dodge: Dodged            |    42 |    18 ||    60
Block: Buckler           |    18 |    18 ||    36

Table legend: (Time is in decaauts)
 A = Elapsed time spent in this place.
 B = Non-inter-level travel time spent in this place.
 C = Inter-level travel time spent in this place.
 D = Time resting spent in this place.
 E = Time spent auto-exploring this place.
 F = Levels seen in this place.
 G = Mean time per level.
                   A        B        C        D        E       F      G
               +--------+--------+--------+--------+--------+-----+--------+
         Total |   2743 |   2593 |    150 |      0 |   2090 |   4 |  685.8 |
       Dungeon |   2743 |   2593 |    150 |      0 |   2090 |   4 |  685.8 |
               +--------+--------+--------+--------+--------+-----+--------+

Top non-repeatable levels by time:
     D:3: 938 daAuts
     D:2: 776 daAuts
     D:1: 666 daAuts
     D:4: 361 daAuts
